 Dungeon Crawl Stone Soup version 0.18.1-5-g4a78601 (webtiles) character file.

2724 epen the Martial Artist (level 9, -2/48 HPs)
             Began as an Octopode Monk on May 12, 2016.
             Was a Believer of Cheibriados.
             Slain by a hippogriff (6 damage)
             ... on level 8 of the Dungeon.
             The game lasted 00:15:28 (8613 turns).

epen the Martial Artist (Octopode Monk)             Turns: 8613, Time: 00:15:29

Health: -2/48      AC:  3    Str: 14    XL:     9   Next: 67%
Magic:  14/14      EV: 20    Int: 16    God:    Cheibriados [**....]
Gold:   455        SH:  0    Dex: 26    Spells: 1 memorised, 9 levels left

rFire  . . .     SeeInvis .       - Unarmed
rCold  . . .     Gourm    .     (no shield)
rNeg   + . .     Faith    .     m - +2 hat
rPois  .         Spirit   .     (no amulet)
rElec  .         Dismiss  .     i - ring of positive energy
rCorr  .         Reflect  .     t - ring of Undoing {Fragile MR+ Dex+4 Slay+3}
SustAt .         Harm     .     (no ring)
MR     +....     Rnd*Rage +     (no ring)
Stlth  +++++.....               (no ring)
                                (no ring)
                                (no ring)
                                (no ring)

@: very slow, somewhat resistant to hostile enchantments, quite stealthy
A: almost no armour, amphibious, 8 rings, constrict 8, camouflage 1, berserk 1,
blurry vision 1, frail 2, gelatinous body 1
a: Bend Time, Renounce Religion


You were on level 8 of the Dungeon.
You worshipped Cheibriados.
Cheibriados was pleased with you.
You were not hungry.

You visited 2 branches of the dungeon, and saw 9 of its levels.

You collected 455 gold pieces.

Inventory:

Missiles
 d - 2 throwing nets (quivered)
Armour
 m - a +2 hat (worn)
Jewellery
 i - a ring of positive energy (left tentacle)
 t - the ring of Undoing (right tentacle) {Fragile MR+ Dex+4 Slay+3}
   (You found it on level 6 of the Dungeon)

   [ring of protection from magic]

   It affects your dexterity (+4).
   It affects your accuracy and damage with ranged weapons and melee attacks
   (+3).
   It affects your resistance to hostile enchantments.
   It will be destroyed if unequipped.
Wands
 s - a wand of flame (10/48)
 u - a wand of disintegration (17/24)
Scrolls
 b - a scroll of random uselessness
 e - 4 scrolls of identify
 f - 2 scrolls of amnesia
 g - 5 scrolls of magic mapping
 h - 2 scrolls of noise
 q - 3 scrolls of remove curse
 x - a scroll of blinking
Potions
 c - a potion of lignification
 j - 2 potions of ambrosia
 k - a potion of flight
 l - 2 potions of brilliance
 o - a potion of berserk rage
 p - 2 potions of might
 v - a potion of curing
Books
 n - a book of the Warp

   Spells                             Type                      Level
   a - Recall                         Summoning/Translocation      3
   b - Gell's Gravitas                Hexes/Translocation          3
   c - Force Lance                    Conjuration/Translocation    4
   d - Warp Weapon                    Charms/Translocation         5
   e - Summon Forest                  Summoning/Translocation      5
Comestibles
 a - 6 bread rations
 r - 2 meat rations
 w - 2 slices of pizza
 z - 3 chunks of flesh


   Skills:
 + Level 5.6 Fighting
 * Level 7.4 Dodging
 - Level 4.9 Stealth
 * Level 8.2 Unarmed Combat
 + Level 3.4 Spellcasting
 * Level 4.6 Charms


You had 9 spell levels left.
You knew the following spells:

 Your Spells              Type           Power        Failure   Level  Hunger
a - Warp Weapon           Chrm/Tloc      ##........   99%         5    ######.


Dungeon Overview and Level Annotations

Branches:
Dungeon (8/15)             Temple (1/1) D:7
   Lair: D:8-11

Altars:
Ashenzari
Cheibriados
Dithmenos
Elyvilon
Kikubaaqudgha
Nemelex Xobeh
Okawaru
Pakellas
Qazlal
Ru
Trog
Xom
Yredelemnul
The Shining One


Innate Abilities, Weirdness & Mutations

You cannot wear most types of armour.
You are amphibious.
You can wear up to eight rings at the same time.
You can use your tentacles to constrict eight enemies at once.
Your skin changes colour to match your surroundings (Stealth).
Your rubbery body absorbs attacks (AC +1).
You tend to lose your temper in combat.
Scrolls take you a little longer to read.
You are very frail (-20% HP).


Message History

The hippogriff bites you! The hippogriff pecks you.
The hippogriff closely misses you.
You tentacle-slap the hippogriff. Your squeeze misses the hippogriff.
The hippogriff is moderately wounded.
The gnoll hits you from afar with a spear.
* * * LOW HITPOINT WARNING * * *
The gnoll completely misses you.
You are too injured to fight recklessly!
Unknown command.
The hippogriff completely misses you. x2; The hippogriff claws you.
* * * LOW HITPOINT WARNING * * *
The gnoll shaman misses you.
The gnoll hits you from afar with a spear.
* * * LOW HITPOINT WARNING * * *
Unknown command.
Read which item? (? for menu, Esc to quit)
Really read with blurry vision while enemies are nearby?
You begin reading the scroll.
You continue reading the scroll.
The hippogriff bites you.
You die...

# ### .
....#####################..
... #......)........##.>.....
....#########...####..........
......#######@..# ####.......
#.....>....Hg..# #.......
..##.......g.g..# #.....<.
##...........# #.......
..............# #.......
...#...........# #.......
....#............. #.......
... ####..##.#####. #.......
.. #=###.# ...####..


You could see a hippogriff, a gnoll shaman and 2 gnolls.

Vanquished Creatures
  Pikel (D:6)
  Grinder (D:5)
  Eustachio (D:4)
  Menkaure (D:4)
  A sky beast (D:3)
  A phantom (D:6)
  3 ogres
  2 giant frogs (D:7)
  A water moccasin skeleton (D:5)
  4 wights (D:6)
  3 howler monkeys
  A crimson imp (D:6)
  2 centaur skeletons (D:6)
  2 giant frog skeletons (D:7)
  A hound (D:6)
  A centaur zombie (D:5)
  5 orc wizards
  3 orc priests
  An iguana (D:7)
  2 jellies (D:7)
  Natasha (thrice) (D:2)
  3 worker ants
  A killer bee zombie (D:5)
  A hound skeleton (D:6)
  A gnoll (D:8)
  12 adders
  A shadow imp (D:5)
  2 oozes
  An adder skeleton (D:4)
  2 worms
  A dart slug (D:2)
  3 giant geckos
  16 orcs
  5 giant cockroaches
  7 hobgoblins
  16 jackals
  6 kobolds
  4 quokkas
  A ball python (D:3)
  10 bats
  6 giant newts
  12 goblins
  A jackal skeleton (D:4)
  A quokka skeleton (D:6)
  A quokka zombie (D:5)
  3 rats
157 creatures vanquished.

Vanquished Creatures (others)
  A sky beast (D:7)
  A hungry ghost (D:7)
  2 slaves (D:7)
  A giant frog (D:7)
  2 jackals (D:7)
  5 butterflies (D:7)
12 creatures vanquished.

Grand Total: 169 creatures vanquished

Notes
Turn   | Place    | Note
--------------------------------------------------------------
     0 | D:1      | epen the Octopode Monk began the quest for the Orb.
     0 | D:1      | Reached XP level 1. HP: 16/16 MP: 1/1
    66 | D:1      | Reached XP level 2. HP: 20/21 MP: 2/2
   459 | D:1      | Reached XP level 3. HP: 25/26 MP: 3/3
  1108 | D:2      | Reached XP level 4. HP: 23/31 MP: 4/4
  1642 | D:2      | Noticed Natasha
  1654 | D:2      | Killed Natasha
  1656 | D:2      | Reached XP level 5. HP: 23/37 MP: 5/5
  1795 | D:2      | Found a basalt altar of Yredelemnul.
  1795 | D:2      | Found an oddly glowing altar of Pakellas.
  1795 | D:2      | Found a white marble altar of Elyvilon.
  1889 | D:2      | Noticed Natasha
  1894 | D:2      | Killed Natasha
  1998 | D:2      | Found a shimmering altar of Xom.
  2006 | D:2      | Found a sparkling altar of Nemelex Xobeh.
  2006 | D:2      | Found a glowing golden altar of the Shining One.
  2010 | D:2      | Found a sacrificial altar of Ru.
  2285 | D:3      | Found a shattered altar of Ashenzari.
  2359 | D:3      | Reached skill level 5 in Unarmed Combat
  2813 | D:3      | Reached XP level 6. HP: 40/43 MP: 6/6
  3428 | D:4      | Noticed Eustachio
  3735 | D:4      | Noticed Menkaure
  3747 | D:4      | Killed Menkaure
  3756 | D:4      | Killed Eustachio
  3756 | D:4      | Reached skill level 5 in Dodging
  3756 | D:4      | Reached skill level 1 in Spellcasting
  3756 | D:4      | Reached XP level 7. HP: 20/48 MP: 6/8
  3833 | D:4      | Reached skill level 6 in Unarmed Combat
  4784 | D:5      | Entered Level 5 of the Dungeon
  4807 | D:4      | HP: 2/48 [sky beast (5)]
  5013 | D:4      | HP: 2/48 [sky beast (6)]
  5071 | D:4      | HP: 2/48 [something (6)]
  5267 | D:2      | Noticed Natasha
  5441 | D:2      | Killed Natasha
  5535 | D:3      | Gained mutation: You tend to lose your temper in combat. [mutagenic meat]
  5536 | D:3      | Gained mutation: Your spells are a little easier to cast, but a little less powerful. [mutagenic meat]
  5800 | D:5      | Reached XP level 8. HP: 45/54 MP: 9/11
  5882 | D:5      | Learned a level 5 spell: Warp Weapon
  5941 | D:5      | Reached skill level 1 in Charms
  6193 | D:5      | Noticed Grinder
  6202 | D:5      | Killed Grinder
  6396 | D:5      | Reached skill level 7 in Unarmed Combat
  6461 | D:6      | Got a warped bone ring
  6691 | D:6      | Reached skill level 5 in Fighting
  7362 | D:6      | Reached XP level 9. HP: 50/61 MP: 13/13
  7928 | D:7      | Noticed Pikel
  7943 | D:6      | Killed Pikel
  8059 | D:7      | Reached skill level 8 in Unarmed Combat
  8153 | D:7      | Gained mutation: Scrolls take you a little longer to read. [mutagenic meat]
  8154 | D:7      | Gained mutation: You are frail (-10% HP). [mutagenic meat]
  8155 | D:7      | Gained mutation: You are very frail (-20% HP). [mutagenic meat]
  8156 | D:7      | Lost mutation: Your spells are a little easier to cast, but a little less powerful. [mutagenic meat]
  8201 | D:7      | Identified the ring of Undoing {Fragile MR+ Dex+4 Slay+3} (You found it on level 6 of the Dungeon)
  8214 | D:7      | Found a staircase to the Ecumenical Temple.
  8243 | Temple   | Entered the Ecumenical Temple
  8251 | Temple   | Became a worshipper of Cheibriados the Contemplative
  8251 | Temple   | Reached * piety under Cheibriados
  8251 | Temple   | Reached ** piety under Cheibriados
  8613 | D:8      | Slain by a hippogriff

Skill      XL: |  1  2  3  4  5  6  7  8  9 |
---------------+----------------------------+-----
Stealth        | 3 4 |  4.9
Dodging        | 4 5 6 7 |  7.4
Unarmed Combat | 5 6 7 8 |  8.2
Fighting       | 4 5 |  5.6
Spellcasting   | 1 2 3 |  3.4
Charms         | 3 4 |  4.6

Action                   |  1- 3 |  4- 6 |  7- 9 || total
-------------------------+-------+-------+-------++-------
Melee: Unarmed           |    75 |   132 |   257 ||   464
       Constrict         |    20 |    39 |    46 ||   105
       Tentacles         |    13 |    31 |    59 ||   103
       Punch             |     2 |     5 |    13 ||    20
  Use: Scroll            |       |    12 |     7 ||    19
 Stab: Sleeping          |     6 |    15 |    21 ||    42
       Distracted        |       |       |     1 ||     1
  Eat: Chunk             |       |     6 |    14 ||    20
       Pizza             |       |     1 |       ||     1
       Meat ration       |       |       |     2 ||     2
Armor: Skin              |     6 |     9 |    16 ||    31
Dodge: Dodged            |    40 |    78 |   156 ||   274
